 Dungeon Crawl Stone Soup version 0.22-a0-430-g6609fc6 (webtiles) character file.

54 Veiltonx the Cutter (level 4, -3/29 HPs)
             Began as a Halfling Warper on May 26, 2018.
             Killed from afar by an orc wizard (7 damage)
             ... with a puff of frost
             ... on level 2 of the Dungeon.
             The game lasted 00:06:33 (2025 turns).

Veiltonx the Cutter (Halfling Warper)               Turns: 2025, Time: 00:06:34

Health: -3/29      AC:  4    Str: 12    XL:     4   Next: 12%
Magic:  3/6        EV: 15    Int: 11    God:
Gold:   16         SH:  0    Dex: 14    Spells: 2/6 levels left

rFire    . . .     SeeInvis +   a - +0 short sword
rCold    . . .     Gourm    .   (shield restricted)
rNeg     . . .     Faith    .   b - +0 leather armour
rPois    .         Spirit   .   (no helmet)
rElec    .         Reflect  .   (no cloak)
rCorr    .         Harm     .   k - +0 pair of gloves
MR       .....                  (no boots)
Stlth    +.........             (no amulet)
HPRegen  0.09/turn              l - ring of see invisible
MPRegen  0.10/turn              (no ring)

@: no status effects
A: small, mutation resistance 1
a: no special abilities


You were on level 2 of the Dungeon.
You were not hungry.

You visited 1 branch of the dungeon, and saw 2 of its levels.

You collected 16 gold pieces.

Inventory:

Hand Weapons
 a - a +0 short sword (weapon)
Missiles
 m - 4 tomahawks (quivered)
 n - 32 stones
Armour
 b - a +0 leather armour (worn)
 k - a +0 pair of gloves (worn)
Jewellery
 l - a ring of see invisible (left hand)
Scrolls
 c - 2 scrolls of identify {unknown}
 d - 2 scrolls of blinking
 e - a scroll of enchant armour {unknown}
 g - 2 scrolls of remove curse {unknown}
 j - a scroll of teleportation {unknown}
Potions
 i - a potion of curing {unknown}


   Skills:
 - Level 1.7 Fighting
 * Level 4.2 Short Blades
 - Level 1.0 Throwing
 - Level 1.1 Armour
 + Level 3.0 Dodging
 - Level 1.5 Spellcasting
 + Level 3.4 Translocations


You had 2 spell levels left.
You knew the following spells:

 Your Spells              Type           Power        Failure   Level  Hunger
a - Blink                 Tloc           N/A          14%         2    ###....
b - Shroud of Golubria    Chrm/Tloc      #.........   28%         2    ###....

Your spell library contained the following spells:

 Spells                   Type           Power        Failure   Level  Hunger
 Teleport Other           Tloc           #.......     28%         3    ####...
 Passage of Golubria      Tloc           N/A          67%         4    #####..
 Gell's Gravitas          Tloc           #.........   28%         3    ####...
 Lesser Beckoning         Tloc           #.........   28%         3    ####...


Dungeon Overview and Level Annotations

Branches:
Dungeon (2/15)

Altars:

Annotations:
D:2 Terence


Innate Abilities, Weirdness & Mutations

You are small and have problems with some larger weapons.
You are somewhat resistant to further mutation.


Message History

Found a pair of gloves.
The orc wizard gestures wildly while chanting.
The orc wizard seems to speed up.
The orc wizard mumbles some strange words.
The orc wizard flickers and vanishes for a moment.
The orc wizard begins to cast a cantrip, but forgets the words!
Terence hits you but does no damage.
The orc wizard looks encouraged for a moment.
The orc wizard begins to cast a cantrip, but forgets the words!
The orc wizard points at you and mumbles some strange words.
The puff of flame hits you!
* * * LOW HITPOINT WARNING * * *
The orc wizard looks satisfied for a moment.
Terence shouts, "Now you die!"
Casting: Blink (safe; 14% risk of failure)
Confirm with . or Enter, or press ? or * to list all spells.
You blink.
The orc wizard casts a spell at you. The puff of frost hits you!
You die...

#.##.## ##........#.....##
####.#### ##....#.#.#..###
#.......# ##....#.#...#
#.##o##.######
##'o#...#..#
#.##.........# #.#.#!#...#
#.###o..####.# #..#.#.#.##
#....o..# #.# ##...#.#..#
#####..#####.###...#######
#..###...@......##
#..#.....#.......#
#.o#o#o#.#.#..##.#
#......#.#.#.......
##.......#.##.##.###
###.....#.##.# # #######.#
.# #.. .. ###


You could see 2 orc wizards.

Vanquished Creatures
  3 oozes (D:1)
  2 dart slugs (D:1)
  A leopard gecko (D:1)
  An orc (D:1)
  4 giant cockroaches (D:1)
  A goblin (D:1)
  5 hobgoblins (D:1)
  6 kobolds (D:1)
  3 bats
  5 frilled lizards
  5 rats
36 creatures vanquished.

Notes
Turn   | Place    | Note
-------+----------+-------------------------------------------
     0 | D:1      | Veiltonx the Halfling Warper began the quest for the Orb.
     0 | D:1      | Reached XP level 1. HP: 14/14 MP: 3/3
    95 | D:1      | Reached skill level 3 in Short Blades
    95 | D:1      | Reached XP level 2. HP: 5/19 MP: 4/4
    99 | D:1      | Learned a level 2 spell: Blink
   102 | D:1      | Learned a level 2 spell: Shroud of Golubria
   379 | D:1      | Reached XP level 3. HP: 3/24 MP: 5/5
   388 | D:1      | HP: 1/24 [kobold (1)]
   957 | D:1      | Reached skill level 4 in Short Blades
  1229 | D:1      | Reached XP level 4. HP: 17/29 MP: 6/6
  1435 | D:2      | Noticed Terence
  1480 | D:1      | HP: 1/29 [orc/whip (2)]
  2025 | D:2      | Killed from afar by an orc wizard

Vault maps used:
D:1:      dpeg_arrival_pits, minmay_pentomino_p2
D:2:      overflow_temple_1_default, first_ration, minmay_tiny_reverse_x,
          uniq_terence, uniq_crazy_yiuf_cottage, uniq_sigmund

Skill      XL: |  1  2  3 |
---------------+----------+-----
Short Blades   | 3 4 |  4.2
Dodging        | 3 |  3.0
Fighting       | |  1.7
Throwing       | |  1.0
Armour         | |  1.1
Spellcasting   | |  1.5
Translocations | |  3.4

Action                   |  1- 3 |  4- 6 || total
-------------------------+-------+-------++-------
Melee: Short sword       |   127 |    49 ||   176
Throw: Tomahawk          |       |     6 ||     6
 Cast: Blink             |       |    10 ||    10
 Stab: Distracted        |       |     1 ||     1
  Eat: Chunk             |     1 |     1 ||     2
       Ration            |       |     1 ||     1
Armor: Leather armour    |    24 |    27 ||    51
Dodge: Dodged            |    88 |    78 ||   166

Table legend:
 A = Spawn XP
 B = Non-spawn XP
 C = Spawn XP percentage of total XP
 D = Spawn monster count
 E = Non-spawn monster count
 F = Spawn count percentage of total count
 G = Total turns spent on level
                    A         B        C        D         E        F      G
               +---------+---------+-------+---------+---------+-------+---------
         Total |       0 |      78 |   0.0 |       0 |      36 |   0.0 |  2025
               +---------+---------+-------+---------+---------+-------+---------
           D:1 |       0 |      73 |   0.0 |       0 |      32 |   0.0 |  1888
           D:2 |       0 |       5 |   0.0 |       0 |       4 |   0.0 |   137
               +---------+---------+-------+---------+---------+-------+---------
